[Event "Titled Tuesday Blitz May 10 Late 2022"]
[White "Leitao, Rafael"]
[Black "Jeet, Jain"]
[WhiteFideId "2101246"]
[BlackFideId "5073022"]
[WhiteElo "2609"]
[BlackElo "2028"]
[Result "1-0"]
[Round "06"]
[TimeControl "180+1"]
[Date "2022.05.11"]
[WhiteClock "0:00:20"]
[BlackClock "0:00:05"]

1. e4 c5 2. Nf3 d6 3. d4 cxd4 4. Nxd4 Nf6 5. Nc3 a6 6. Be2 g6 7. O-O Bg7 8. Re1 O-O 9. Bf1 Nc6 10. Nb3 b5 11. Bg5 Bb7 12. Qd2 b4 13. Nd5 Nd7 14. Nxb4 Bxb2 15. Rab1 Bg7 16. Nxc6 Bxc6 17. Na5 Bb5 18. Bxb5 axb5 19. Nc6 Qc7 20. Nxe7+ Kh8 21. Nd5 Qc4 22. Rb4 Qxa2 23. Rxb5 Rac8 24. c3 Qc4 25. Rb4 Qa6 26. h3 Ne5 27. Reb1 Qa3 28. Rb7 Nc4 29. Qe2 Rfe8 30. Rxf7 Ne5 31. Rfb7 Nc6 32. Bf6 Bxf6 33. Nxf6 Re7 34. Qe3 Kg7 35. Nd5 Rxb7 36. Rxb7+ Kh8 37. Qh6 Qc1+ 38. Qxc1 1-0


[Site "https://www.chess.com"]

[Event "Titled Tuesday Blitz May 10 Late 2022"]
[White "Leiva, Gianmarco"]
[Black "Malka, Samuel"]
[WhiteFideId "3804399"]
[BlackFideId "20643675"]
[WhiteElo "2700"]
[BlackElo "2558"]
[Result "1-0"]
[Round "06"]
[TimeControl "180+1"]
[Date "2022.05.11"]
[WhiteClock "0:00:06"]
[BlackClock "0:00:06"]

1. Nf3 Nf6 2. g3 g6 3. Bg2 Bg7 4. O-O O-O 5. c4 c5 6. Nc3 Nc6 7. d3 d5 8. Bg5 dxc4 9. dxc4 Be6 10. Qa4 Qa5 11. Qxa5 Nxa5 12. b3 Rad8 13. Rad1 Nc6 14. h3 b6 15. Nb5 Ne4 16. Nc7 Nxg5 17. Nxg5 Bd7 18. Bxc6 Bxc6 19. Nd5 Bxd5 20. cxd5 Rd7 21. e4 Rfd8 22. Rb1 h6 23. Nf3 g5 24. Rfc1 e6 25. dxe6 fxe6 26. b4 cxb4 27. Rxb4 Rd1+ 28. Rxd1 Rxd1+ 29. Kg2 Rd7 30. Rc4 Bf8 31. Rc6 Bc5 32. Rxe6 Kg7 33. Rc6 Rd3 34. Rc7+ Kf8 35. Rxa7 Rc3 36. Rd7 Rc2 37. Rd2 Rc3 38. h4 gxh4 39. Nxh4 Kf7 40. f4 Ra3 41. Nf5 Bb4 42. Rc2 h5 43. Nd4 Bc5 44. Nf3 Re3 45. Rd2 Rxe4 46. Ng5+ Kg6 47. Nxe4 Kf5 48. Kf3 h4 49. g4+ Ke6 50. Rh2 1-0


[Site "https://www.chess.com"]

[Event "Titled Tuesday Blitz May 10 Late 2022"]
[White "Leschinsky, Gary"]
[Black "Burke, Paul"]
[WhiteFideId "30951321"]
[BlackFideId "2605767"]
[WhiteElo "1782"]
[BlackElo "1898"]
[Result "1-0"]
[Round "06"]
[TimeControl "180+1"]
[Date "2022.05.11"]
[WhiteClock "0:01:56"]
[BlackClock "0:01:05"]

1. d4 Nf6 2. c4 c5 3. d5 Ne4 4. Nf3 Qa5+ 5. Nbd2 d6 6. g3 g6 7. Bg2 Bg7 8. O-O Nf6 9. e4 O-O 10. Re1 Na6 11. e5 dxe5 12. Nxe5 h6 13. Nb3 Qd8 14. Be3 Nd7 15. Nxd7 Bxd7 16. Nxc5 Bxb2 17. Rb1 Bg7 18. Nxa6 bxa6 19. c5 Bf5 20. Rc1 Qa5 21. c6 Qxa2 22. g4 Bc2 23. Rxc2 1-0


[Site "https://www.chess.com"]

[Event "Titled Tuesday Blitz May 10 Late 2022"]
[White "Lewicki, Miroslaw"]
[Black "Szabo, Marton Mihaly"]
[WhiteFideId "1113380"]
[BlackFideId "787086"]
[WhiteElo "2552"]
[BlackElo "2689"]
[Result "1-0"]
[Round "06"]
[TimeControl "180+1"]
[Date "2022.05.11"]
[WhiteClock "0:00:27"]
[BlackClock "0:00:20"]

1. g3 c5 2. Bg2 Nc6 3. Nf3 g6 4. O-O Bg7 5. c3 e5 6. d4 cxd4 7. cxd4 d6 8. d5 Nce7 9. e4 h6 10. Nc3 Nf6 11. h3 O-O 12. Be3 b6 13. Rc1 Bd7 14. Qb3 Kh7 15. Nd2 Ne8 16. f4 f5 17. Nc4 fxe4 18. fxe5 Rxf1+ 19. Rxf1 dxe5 20. Rf7 Nf5 21. Nxe5 Nxe3 22. Rxd7 Qg5 23. Nxe4 Qxe5 24. Qxe3 Rc8 25. h4 Kh8 26. b3 Rc2 27. Qf3 Qd4+ 28. Kh2 Rc1 29. Qf7 Qe5 30. Re7 1-0


[Site "https://www.chess.com"]

[Event "Titled Tuesday Blitz May 10 Late 2022"]
[White "Lin, Dachey"]
[Black "Jakubowski, Krzysztof"]
[WhiteFideId "2029650"]
[BlackFideId "1112848"]
[WhiteElo "2313"]
[BlackElo "2365"]
[Result "0-1"]
[Round "06"]
[TimeControl "180+1"]
[Date "2022.05.10"]
[WhiteClock "0:00:09"]
[BlackClock "0:00:06"]

1. c4 Nf6 2. g3 c6 3. Bg2 d5 4. Nf3 dxc4 5. O-O Nbd7 6. a4 a5 7. Qc2 Nb6 8. Na3 Be6 9. Ng5 Qc8 10. Rd1 g6 11. d3 cxd3 12. Rxd3 Nfd5 13. e4 Nb4 14. Qc3 f6 15. Nxe6 Qxe6 16. Rd1 Bg7 17. Qe3 Nxa4 18. b3 f5 19. e5 Qxe5 20. bxa4 Qxa1 21. Qe6 Rd8 22. Re1 Qf6 23. Qb3 Qf7 24. Qe3 O-O 25. Bf1 Nd5 26. Qc5 Kh8 27. Qxa5 f4 28. g4 f3 29. Nc4 Bd4 30. Qd2 c5 31. Ne5 Qf6 32. g5 Qf4 33. Nc4 Qh4 34. Qc2 Nf4 35. Re4 Nh3+ 36. Bxh3 Qxh3 37. Ne3 Bxe3 38. fxe3 f2+ 0-1


[Site "https://www.chess.com"]

[Event "Titled Tuesday Blitz May 10 Late 2022"]
[White "Lohani, Sujana"]
[Black "Miszler, Levente"]
[WhiteFideId "12311987"]
[BlackFideId "763276"]
[WhiteElo "1691"]
[BlackElo "1966"]
[Result "0-1"]
[Round "06"]
[TimeControl "180+1"]
[Date "2022.05.11"]
[WhiteClock "0:00:07"]
[BlackClock "0:01:04"]

1. e4 e6 2. d4 d5 3. Nc3 Nf6 4. Bd3 Nc6 5. Be3 e5 6. exd5 Nxd5 7. Nxd5 Qxd5 8. dxe5 Qxg2 9. Qf3 Qxf3 10. Nxf3 Bg4 11. Be2 O-O-O 12. Rg1 Bxf3 13. Bxf3 Nxe5 14. Be2 a6 15. Rd1 Bb4+ 16. c3 Rxd1+ 17. Kxd1 Rd8+ 18. Kc2 Bf8 19. Bg4+ Kb8 20. Bf5 g6 21. Be4 f5 22. Bd4 Ng4 23. Bd3 c5 24. Be3 Bd6 25. h3 Ne5 26. h4 Nxd3 27. Rd1 Ne5 28. Bxc5 Bc7 29. Bd4 Nc6 30. h5 Nxd4+ 31. cxd4 Re8 32. Kd3 Kc8 33. d5 Kd7 34. hxg6 hxg6 35. Rg1 Rg8 36. Re1 g5 37. Re6 g4 38. Rf6 f4 39. Rf7+ Kc8 0-1


[Site "https://www.chess.com"]

[Event "Titled Tuesday Blitz May 10 Late 2022"]
[White "Maghsoodloo, Parham"]
[Black "Lashkin, Jegor"]
[WhiteFideId "12539929"]
[BlackFideId "13907808"]
[WhiteElo "2630"]
[BlackElo "2368"]
[Result "1-0"]
[Round "06"]
[TimeControl "180+1"]
[Date "2022.05.10"]
[WhiteClock "0:00:10"]
[BlackClock "0:00:04"]

1. d4 Nf6 2. c4 e6 3. g3 d5 4. Bg2 dxc4 5. Qa4+ Nbd7 6. Nf3 a6 7. Qxc4 b5 8. Qc2 Bb7 9. O-O c5 10. Rd1 Rc8 11. Qd3 cxd4 12. Qxd4 Bc5 13. Qf4 Qb6 14. e3 O-O 15. Nc3 Bc6 16. a3 a5 17. b4 Be7 18. Bb2 axb4 19. axb4 Qb7 20. Ne2 Nd5 21. Qg4 N7f6 22. Qh3 Nxe3 23. Ned4 Nxg2 24. Nxc6 Rxc6 25. Qxg2 Rc2 26. Bd4 Ng4 27. Ra7 Qd5 28. Rxe7 Nxf2 29. Rf1 Qd8 30. Ra7 e5 31. Bxf2 e4 32. Nd4 Rd2 33. Qxe4 Qc8 34. Nf5 Kh8 35. Bd4 f6 36. Rxg7 Re8 37. Re7 Rf8 38. Nd6 Qh3 39. Bxf6+ Rxf6 40. Re8+ Kg7 41. Qe7+ Kh6 42. Qxf6+ Kh5 43. Rf5+ Kg4 44. Re4# 1-0


[Site "https://www.chess.com"]

[Event "Titled Tuesday Blitz May 10 Late 2022"]
[White "Mangialardo, Tiago Carvalho"]
[Black "Ricaurte Lopez, Juan Carlos"]
[WhiteFideId "2130718"]
[BlackFideId "3600327"]
[WhiteElo "2113"]
[BlackElo "2209"]
[Result "0-1"]
[Round "06"]
[TimeControl "180+1"]
[Date "2022.05.11"]
[WhiteClock "0:00:02"]
[BlackClock "0:00:04"]

1. e4 e5 2. Nf3 Nc6 3. d4 exd4 4. Nxd4 g6 5. Nc3 Bg7 6. Nxc6 bxc6 7. Bd2 Rb8 8. Rb1 Ne7 9. Bd3 O-O 10. O-O d5 11. Re1 Be6 12. Na4 Qd6 13. b3 Rfd8 14. Qe2 dxe4 15. Qxe4 Nd5 16. Bg5 Re8 17. Qf3 Nb4 18. Bf4 Qd7 19. Red1 Bg4 20. Nc5 Qc8 21. Qg3 Bxd1 22. Rxd1 Nxd3 23. Nxd3 Qf5 24. Bxc7 Rb7 25. Bf4 Rd7 26. Qf3 Qe4 27. Qg3 h5 28. h4 Rde7 29. Be3 Qf5 30. Qd6 Bc3 31. Qg3 Qg4 32. Qd6 Qxd1+ 33. Kh2 Be5+ 34. Nxe5 Qxd6 35. Bf4 Rxe5 36. c4 Qd4 0-1


[Site "https://www.chess.com"]

[Event "Titled Tuesday Blitz May 10 Late 2022"]
[White "Manukian, Artak"]
[Black "Vovk, Orest"]
[WhiteFideId "13301373"]
[BlackFideId "14113490"]
[WhiteElo "2409"]
[BlackElo "2203"]
[Result "1-0"]
[Round "06"]
[TimeControl "180+1"]
[Date "2022.05.11"]
[WhiteClock "0:00:22"]
[BlackClock "0:00:39"]

1. e4 g5 2. d4 g4 3. h3 d5 4. exd5 Qxd5 5. hxg4 Nc6 6. Be3 Nf6 7. Nc3 Qa5 8. f3 Be6 9. Kf2 O-O-O 10. a3 Nd5 11. Nxd5 Bxd5 12. c4 Be6 13. b4 Nxb4 14. axb4 Qxb4 15. d5 Bg7 16. Rxa7 Kb8 17. Ra2 c6 18. Bf4+ Kc8 19. Ra8+ Kd7 20. dxe6+ Kxe6 21. Rxd8 Rxd8 22. Qxd8 Qc5+ 23. Be3 Qe5 24. Qc8+ 1-0


[Site "https://www.chess.com"]

[Event "Titled Tuesday Blitz May 10 Late 2022"]
[White "Martic, Ivan"]
[Black "Bortnyk, Olexandr"]
[WhiteFideId "929301"]
[BlackFideId "14120828"]
[WhiteElo "2317"]
[BlackElo "2723"]
[Result "0-1"]
[Round "06"]
[TimeControl "180+1"]
[Date "2022.05.10"]
[WhiteClock "0:00:19"]
[BlackClock "0:01:21"]

1. d4 d6 2. c4 e5 3. d5 a5 4. e4 Na6 5. Nc3 f5 6. exf5 Bxf5 7. Bd3 Bxd3 8. Qxd3 Qh4 9. Nf3 Nc5 10. Qe2 Qg4 11. O-O Be7 12. Be3 Na6 13. h3 Qg6 14. Nd2 Nf6 15. f4 exf4 16. Bxf4 O-O 17. Nb3 Rae8 18. Nxa5 Nc5 19. Rad1 Nh5 20. Bh2 Rxf1+ 21. Rxf1 Bf6 22. Qg4 Qxg4 23. hxg4 Bxc3 24. bxc3 Nf6 25. g5 Nfe4 26. Re1 Ra8 27. Nxb7 Rxa2 28. Nxc5 Nxc5 29. Bf4 Nd3 30. Re4 Rc2 31. Bg3 Rxc3 32. Re8+ Kf7 33. Rc8 Rxc4 34. Kh2 Rc5 35. Rd8 Kg6 36. Rd7 Nb4 37. Be1 Nxd5 38. Bd2 Rc2 39. Be1 Ne3 40. Kh1 Rc1 41. Kh2 Rxe1 0-1


[Site "https://www.chess.com"]

[Event "Titled Tuesday Blitz May 10 Late 2022"]
[White "Matinian, Nikita"]
[Black "Bas Mas, Jose Joaquin"]
[WhiteFideId "24129100"]
[BlackFideId "22219064"]
[WhiteElo "2422"]
[BlackElo "2233"]
[Result "1-0"]
[Round "06"]
[TimeControl "180+1"]
[Date "2022.05.11"]
[WhiteClock "0:00:19"]
[BlackClock "0:00:23"]

1. e4 c5 2. Nf3 d6 3. d4 cxd4 4. Nxd4 Nc6 5. Nc3 Nf6 6. Bc4 g6 7. Nxc6 bxc6 8. e5 Nd7 9. exd6 exd6 10. O-O Ne5 11. Bb3 Bg7 12. f4 Qb6+ 13. Kh1 Ng4 14. Qe2+ Kd8 15. h3 Re8 16. Qf3 h5 17. Bxf7 Rf8 18. Bxg6 Ba6 19. Bxh5 Bxf1 20. Bxg4 Bc4 21. Be3 Qb7 22. Rd1 Kc7 23. Ne4 Bd5 24. c4 Bxe4 25. Qxe4 Rae8 26. Qh7 Re7 27. Qd3 Rd8 28. Bc5 Kb8 29. Bxd6+ Ka8 30. Qb3 Qxb3 31. axb3 Rb7 32. Bf3 Rc8 33. b4 a6 34. b5 axb5 35. cxb5 Rxb5 36. b4 Kb7 37. Bc5 Rc7 38. Rd3 Rf7 39. g3 Bb2 40. h4 Rg7 41. g4 Kc7 42. f5 Rb8 43. Bd6+ Kb7 44. Bxb8 Kxb8 45. g5 Kc7 46. f6 Rh7 47. h5 Bc1 48. g6 Rh8 49. g7 Re8 50. f7 Re1+ 51. Kg2 Re7 52. f8=Q 1-0


[Site "https://www.chess.com"]

[Event "Titled Tuesday Blitz May 10 Late 2022"]
[White "Melikyan, Gnel"]
[Black "Prohorov, Olexandr"]
[WhiteFideId "54109990"]
[BlackFideId "14105578"]
[WhiteElo "1772"]
[BlackElo "1993"]
[Result "1-0"]
[Round "06"]
[TimeControl "180+1"]
[Date "2022.05.11"]
[WhiteClock "0:00:08"]
[BlackClock "0:00:03"]

1. d4 g6 2. Nf3 Bg7 3. b3 f5 4. Bb2 Nf6 5. e3 O-O 6. Nbd2 d6 7. c4 e6 8. Qc2 Nc6 9. a3 Qe7 10. g3 Bd7 11. Bg2 a6 12. b4 Rae8 13. Rd1 h6 14. h4 e5 15. dxe5 dxe5 16. Nb3 e4 17. Nfd4 Ne5 18. Nc5 Bc8 19. Ne2 b6 20. Bxe5 Qxe5 21. Nb3 Be6 22. Nbd4 Bf7 23. Rc1 Ng4 24. c5 b5 25. a4 Bc4 26. Bf1 Qf6 27. axb5 axb5 28. Nf4 Ne5 29. Bxc4+ bxc4 30. Qe2 Nd3+ 31. Nxd3 cxd3 32. Qa2+ Kh7 33. Ra1 Qd8 34. Qc4 Bxd4 35. Qxd4 Qxd4 36. exd4 Rb8 37. Ra4 Rfd8 38. Kd2 Rxd4 39. Kc3 Rdd8 40. Ra7 Rd7 41. Rb1 g5 42. hxg5 hxg5 43. c6 Rg7 44. b5 Rb6 45. Rb7 f4 46. gxf4 gxf4 47. Kd4 Re7 48. Rxb6 cxb6 49. Rc1 e3 50. fxe3 fxe3 51. Kxd3 e2 52. Re1 Kg6 53. Rxe2 Rc7 54. Kc4 Kf6 55. Kd5 Rh7 56. Kd6 Rh8 57. c7 Kf5 58. Kc6 Kf4 59. Rd2 Kf3 60. Rd8 Ke4 61. Rxh8 1-0


[Site "https://www.chess.com"]

[Event "Titled Tuesday Blitz May 10 Late 2022"]
[White "Melkumyan, Hrant"]
[Black "Fedoseev, Vladimir"]
[WhiteFideId "13302485"]
[BlackFideId "24130737"]
[WhiteElo "2604"]
[BlackElo "2726"]
[Result "0-1"]
[Round "06"]
[TimeControl "180+1"]
[Date "2022.05.10"]
[WhiteClock "0:00:05"]
[BlackClock "0:00:34"]

1. d4 Nf6 2. c4 g6 3. Nc3 d5 4. Nf3 Bg7 5. Bg5 Ne4 6. Bf4 Nxc3 7. bxc3 c6 8. e3 O-O 9. Qb3 b6 10. a4 Bg4 11. Be2 dxc4 12. Qxc4 Be6 13. Qd3 c5 14. O-O Nc6 15. Rfd1 Bb3 16. Rdb1 Na5 17. Nd2 Bd5 18. Bg3 Rc8 19. Rc1 Qd7 20. h4 Rfd8 21. h5 Be6 22. Bf3 Bg4 23. Qe2 Bxf3 24. Nxf3 Nb3 25. Be5 Nxc1 26. Rxc1 cxd4 27. exd4 Bh6 28. Rc2 gxh5 29. Bg3 Bg7 30. Ne5 Qf5 31. Kh2 Rxd4 32. Nf3 Rxa4 33. Rd2 Bf6 34. Qd1 Rg4 35. Nd4 Qg6 36. Qf3 h4 37. Bf4 e5 38. Bxe5 Bxe5+ 0-1


[Site "https://www.chess.com"]

[Event "Titled Tuesday Blitz May 10 Late 2022"]
[White "Moral Garcia, Serafin"]
[Black "Antonova, Nadezhda"]
[WhiteFideId "2201925"]
[BlackFideId "14700182"]
[WhiteElo "2228"]
[BlackElo "1743"]
[Result "1-0"]
[Round "06"]
[TimeControl "180+1"]
[Date "2022.05.11"]
[WhiteClock "0:01:40"]
[BlackClock "0:00:32"]

1. e4 d6 2. d4 Nf6 3. Nc3 e5 4. Nf3 Nbd7 5. Bc4 Be7 6. O-O O-O 7. Re1 c6 8. a4 b6 9. b3 Bb7 10. Bd3 a6 11. Ne2 b5 12. Ng3 Re8 13. Bb2 Bf8 14. Qd2 g6 15. c4 bxc4 16. Bxc4 exd4 17. Nxd4 d5 18. exd5 cxd5 19. Bf1 Bg7 20. Rxe8+ Qxe8 21. Rd1 Nc5 22. f3 Ne6 23. Nge2 Rc8 24. Bc3 h5 25. Qb2 Qe7 26. Nxe6 fxe6 27. Be5 h4 28. Nf4 Kh7 29. Bd3 Kg8 30. Nxg6 Qc5+ 31. Bd4 Qc7 32. Bxf6 1-0


[Site "https://www.chess.com"]

[Event "Titled Tuesday Blitz May 10 Late 2022"]
[White "Mortazavi, Ali"]
[Black "Stoleriu, George"]
[WhiteFideId "401323"]
[BlackFideId "1227505"]
[WhiteElo "2339"]
[BlackElo "2194"]
[Result "0-1"]
[Round "06"]
[TimeControl "180+1"]
[Date "2022.05.11"]
[WhiteClock "0:00:05"]
[BlackClock "0:00:14"]

1. Nf3 Nf6 2. g3 e6 3. Bg2 d5 4. O-O b5 5. d3 Be7 6. Nbd2 O-O 7. a4 b4 8. e4 c6 9. e5 Nfd7 10. Re1 a5 11. Nf1 Na6 12. h4 Nc7 13. N1h2 Ba6 14. Ng4 c5 15. h5 Re8 16. h6 g6 17. Bf4 Nb6 18. Qc1 d4 19. Bg5 Ncd5 20. b3 Bb7 21. Bxe7 Qxe7 22. Ng5 Nd7 23. Ne4 Ra6 24. Qd2 Rf8 25. Re2 f5 26. exf6 N7xf6 27. Ngxf6+ Nxf6 28. Nxf6+ Rxf6 29. Bxb7 Qxb7 30. Rae1 Kf7 31. Qg5 Qe7 32. g4 Rc6 33. Re5 Rf3 34. Kg2 Qf6 35. R1e2 Rf4 36. Qxf6+ Kxf6 37. Kg3 g5 38. Re1 Kg6 39. Rxe6+ Rf6 40. Rxc6 Rxc6 41. Kf3 Kxh6 42. Rh1+ Kg6 43. Ke4 Re6+ 44. Kd5 Re2 45. Kxc5 Rxc2+ 46. Kb5 Rc3 47. Kxa5 Rxb3 48. Kb5 Rxd3 49. a5 Rd2 50. Ra1 b3 51. a6 Ra2 52. Rb1 b2 53. Kb6 d3 54. a7 d2 55. Kb7 Ra1 56. a8=Q Rxa8 57. Kxa8 Kf6 58. Kb7 Ke5 59. Kb6 Kf4 60. Kb5 Kf3 61. Kc4 Ke2 62. Rxb2 Ke1 63. Rxd2 Kxd2 64. Kd4 Ke2 65. Ke5 Kxf2 66. Kf5 h6 67. Kg6 Kg3 68. Kf5 Kh4 0-1


[Site "https://www.chess.com"]

[Event "Titled Tuesday Blitz May 10 Late 2022"]
[White "Moussard, Jules"]
[Black "Keymer, Vincent"]
[WhiteFideId "642908"]
[BlackFideId "12940690"]
[WhiteElo "2589"]
[BlackElo "2548"]
[Result "1-0"]
[Round "06"]
[TimeControl "180+1"]
[Date "2022.05.10"]
[WhiteClock "0:02:22"]
[BlackClock "0:01:14"]

1. f4 d5 2. Nf3 g6 3. g3 Bg7 4. Bg2 Nf6 5. O-O O-O 6. d3 b6 7. e4 dxe4 8. Ng5 Bb7 9. Nc3 Nbd7 10. dxe4 h6 11. Nh3 e5 12. f5 Nc5 13. Nf2 Qxd1 14. Rxd1 Rfd8 15. Be3 Bf8 16. g4 a6 17. h4 Be7 18. g5 hxg5 19. hxg5 Nh5 20. f6 Bf8 21. Nd5 Ne6 22. Ng4 Nhf4 23. Nxe5 Nxg2 24. Kxg2 Bc5 25. Bxc5 Nxc5 26. Ne7+ Kf8 27. Rh1 Bxe4+ 28. Kg3 Bxh1 29. Rxh1 Ne4+ 30. Kf4 1-0


[Site "https://www.chess.com"]

[Event "Titled Tuesday Blitz May 10 Late 2022"]
[White "Nagy, Gabor"]
[Black "Roberson, Peter T"]
[WhiteFideId "737119"]
[BlackFideId "412384"]
[WhiteElo "2569"]
[BlackElo "2346"]
[Result "1-0"]
[Round "06"]
[TimeControl "180+1"]
[Date "2022.05.10"]
[WhiteClock "0:01:18"]
[BlackClock "0:00:03"]

1. c4 b6 2. e4 e6 3. Nc3 Bb4 4. Nge2 Ne7 5. g3 Ng6 6. Bg2 Nc6 7. O-O O-O 8. d4 Bb7 9. d5 Na5 10. b3 exd5 11. Nxd5 Bd6 12. f4 Re8 13. Bb2 a6 14. Kh1 b5 15. e5 Bf8 16. cxb5 axb5 17. Rc1 Bxd5 18. Qxd5 c6 19. Qd3 Nb7 20. Qb1 Ba3 21. Rfd1 Qe7 22. Nd4 Nc5 23. Nf5 Qf8 24. Nd6 Bxb2 25. Qxb2 Na6 26. Nxe8 Qxe8 27. Re1 Nb4 28. Qd2 Qe7 29. Rcd1 Nf8 30. a4 bxa4 31. bxa4 Rxa4 32. f5 Ra2 33. Qf4 Qc5 34. e6 Qc2 35. Rd2 Qc3 36. e7 Rxd2 37. e8=Q Nd3 38. Qxf8+ Kxf8 39. Qb8# 1-0


[Site "https://www.chess.com"]

[Event "Titled Tuesday Blitz May 10 Late 2022"]
[White "Nazaretyan, Tigran"]
[Black "Bazeev, German"]
[WhiteFideId "24162345"]
[BlackFideId "24119350"]
[WhiteElo "2225"]
[BlackElo "2493"]
[Result "0-1"]
[Round "06"]
[TimeControl "180+1"]
[Date "2022.05.10"]
[WhiteClock "0:00:07"]
[BlackClock "0:00:08"]

1. d4 Nf6 2. c4 e6 3. Nf3 Bb4+ 4. Bd2 c5 5. Bxb4 cxb4 6. g3 b6 7. Bg2 Bb7 8. O-O a5 9. a3 Na6 10. Qb3 O-O 11. Nbd2 d6 12. Rfe1 Qc7 13. e4 e5 14. axb4 Nxb4 15. Rac1 Nd7 16. Bh3 Rfe8 17. Red1 Rad8 18. Qe3 Nf6 19. d5 Nd7 20. Nb1 Nc5 21. Nc3 Ba6 22. Nd2 Qe7 23. Bg4 g6 24. h4 Qf8 25. Nb5 Bxb5 26. cxb5 h5 27. Bh3 Re7 28. Nc4 Rb7 29. Rf1 Re8 30. Rfd1 Rbb8 31. Qf3 Kg7 32. Bg2 Red8 33. Bh3 Qe7 34. Qe3 Qf6 35. Kg2 Re8 36. Qf3 Qxf3+ 37. Kxf3 Kf6 38. Nxd6 Red8 39. Nc4 Nb3 40. Rc3 Nd4+ 41. Kg2 Nxb5 42. Rf3+ Kg7 43. Nxe5 Nd6 44. Re1 Re8 45. Nc6 Nxc6 46. dxc6 Re7 47. e5 Nb5 48. Rd1 Rbe8 49. Rd7 Nc7 50. e6 fxe6 51. Rfd3 b5 52. R3d6 Kf7 53. f4 Rxd7 54. cxd7 Rd8 55. Kf3 Ke7 56. Rb6 Rxd7 57. Ke4 Rd2 58. Rb7 Kd6 59. Ke3 Rxb2 60. Rb6+ Kc5 61. Rb7 Nd5+ 62. Kf3 Rb3+ 63. Kf2 Rb2+ 64. Kf3 Kd6 65. Ra7 a4 66. Ra6+ Kc5 67. Bxe6 Rb3+ 68. Kf2 Rb2+ 69. Kf3 Nb4 70. Ra8 Nc6 71. Bf7 Nd4+ 72. Ke4 Nf5 73. Bxg6 Nxg3+ 74. Kf3 Rb3+ 75. Kg2 Ne2 76. f5 Nf4+ 77. Kf2 Nd5 78. Bf7 Rb2+ 79. Kf3 Nb6 80. Rb8 Nd7 81. Be6 Nxb8 82. f6 Kd6 83. f7 Ke7 84. Bd5 Nd7 85. Kf4 Nf8 86. Kg5 a3 87. Kxh5 a2 88. Bxa2 Rxa2 89. Kh6 b4 90. h5 b3 91. Kg7 b2 92. h6 b1=Q 93. h7 Qxh7# 0-1


[Site "https://www.chess.com"]

[Event "Titled Tuesday Blitz May 10 Late 2022"]
[White "Oganian, Miran"]
[Black "Peralta, Eduardo"]
[WhiteFideId "4122488"]
[BlackFideId "3700062"]
[WhiteElo "2357"]
[BlackElo "2125"]
[Result "1-0"]
[Round "06"]
[TimeControl "180+1"]
[Date "2022.05.10"]
[WhiteClock "0:02:38"]
[BlackClock "0:02:07"]

1. e4 c5 2. Nf3 Nc6 3. c3 e5 4. d4 cxd4 5. cxd4 exd4 6. Nxd4 Nf6 7. Nxc6 bxc6 8. Bd3 d6 9. O-O Be7 10. Nc3 O-O 11. h3 Rb8 12. b3 Be6 13. Bb2 c5 14. Qe2 Re8 15. Kh1 Qa5 16. f4 Bd7 17. e5 Bf8 18. Ne4 dxe5 19. Nxf6+ gxf6 20. fxe5 fxe5 21. Bxe5 c4 22. Bxh7+ Kxh7 23. Qh5+ Kg8 24. Qxf7# 1-0


[Site "https://www.chess.com"]

[Event "Titled Tuesday Blitz May 10 Late 2022"]
[White "Pap, Gyula"]
[Black "Jobava, Baadur"]
[WhiteFideId "725323"]
[BlackFideId "13601520"]
[WhiteElo "2553"]
[BlackElo "2617"]
[Result "0-1"]
[Round "06"]
[TimeControl "180+1"]
[Date "2022.05.10"]
[WhiteClock "0:00:03"]
[BlackClock "0:01:06"]

1. e4 e6 2. d4 d5 3. Bd3 dxe4 4. Bxe4 Nf6 5. Bf3 g6 6. Ne2 Bg7 7. O-O O-O 8. a4 Na6 9. a5 c5 10. dxc5 Qc7 11. Qd6 Qxc5 12. Qxc5 Nxc5 13. Nbc3 Nfd7 14. a6 Ne5 15. Bxb7 Nxb7 16. axb7 Bxb7 17. Rd1 Rfc8 18. f3 h6 19. Kf1 g5 20. h3 Kh7 21. Ra4 Kg6 22. Be3 a6 23. Bd4 Nc4 24. Ra2 Bxd4 25. Rxd4 Ne3+ 26. Kf2 Nxc2 27. Rd6 Nb4 28. Ra4 a5 29. h4 gxh4 30. Ra1 Kf6 31. Rh1 Ke7 32. Rd4 e5 33. Rdd1 Rc4 34. g3 hxg3+ 35. Nxg3 Rf4 36. Nge4 f5 37. Rxh6 fxe4 38. Rh7+ Ke6 39. Rxb7 Rxf3+ 40. Ke2 Nc2 41. Nxe4 Re3+ 42. Kd2 Rxe4 43. Kxc2 Rc8+ 44. Kb1 Rc5 45. Rb6+ Kf5 46. Rdd6 Re2 47. Rf6+ Ke4 48. Ka2 Kd4 49. Rfd6+ Ke3 50. Re6 e4 51. Ka3 Rd2 52. Rb3+ Rd3 53. Ka4 Rxb3 54. Kxb3 Kd4 55. Rd6+ Ke5 56. Rd1 e3 0-1


[Site "https://www.chess.com"]

[Event "Titled Tuesday Blitz May 10 Late 2022"]
[White "Paravyan, David"]
[Black "Dreev, Aleksey"]
[WhiteFideId "4194985"]
[BlackFideId "4100107"]
[WhiteElo "2569"]
[BlackElo "2625"]
[Result "1/2-1/2"]
[Round "06"]
[TimeControl "180+1"]
[Date "2022.05.10"]
[WhiteClock "0:00:09"]
[BlackClock "0:00:04"]

1. e4 c6 2. d4 d5 3. e5 c5 4. Nf3 cxd4 5. Nxd4 Nc6 6. Nxc6 bxc6 7. Bd3 e6 8. O-O Ne7 9. Nd2 Ng6 10. Nf3 Bc5 11. Re1 a5 12. Be3 Bxe3 13. Rxe3 Ba6 14. Bxg6 hxg6 15. Qd4 Rb8 16. Rb3 Be2 17. Qc5 Rxb3 18. Qxc6+ Qd7 19. Qxd7+ Kxd7 20. axb3 Bxf3 21. gxf3 Rc8 22. c3 Rb8 23. Ra3 g5 24. Kg2 Kc6 25. Rxa5 Rxb3 26. Ra7 Rxb2 27. Rxf7 Re2 28. Rxg7 Rxe5 29. Kg3 Kc5 30. Rc7+ Kd6 31. Rg7 Kc5 32. Rc7+ Kd6 33. Rc8 Re1 34. f4 Rg1+ 35. Kf3 g4+ 36. Ke3 Re1+ 37. Kd3 Re4 38. Rf8 Ke7 39. Rg8 Rxf4 40. Ke2 Kf7 41. Rg5 Kf6 42. Rg8 Kf5 43. Rf8+ Ke4 44. Rg8 e5 45. Rg7 Kf5 46. Rf7+ Kg5 47. Rd7 d4 48. cxd4 exd4 49. Rd8 Kf5 50. Rf8+ Ke5 51. Re8+ Kd5 52. Rd8+ Ke6 53. Re8+ Kf7 54. Rd8 Kg6 55. Rg8+ Kh5 56. Rh8+ Kg5 57. Rg8+ Kh6 58. Rh8+ Kg6 59. Rg8+ Kf7 60. Rd8 Ke7 61. Rd5 Ke6 62. Rd8 Re4+ 63. Kd3 Rf4 64. Rxd4 Rxf2 65. Rxg4 Rxh2 66. Re4+ Kf5 67. Re2 Rxe2 68. Kxe2 1/2-1/2


[Site "https://www.chess.com"]

[Event "Titled Tuesday Blitz May 10 Late 2022"]
[White "Perez Molina, Robinson"]
[Black "Sargsyan, Anna M."]
[WhiteFideId "3403882"]
[BlackFideId "13308130"]
[WhiteElo "2252"]
[BlackElo "2271"]
[Result "1-0"]
[Round "06"]
[TimeControl "180+1"]
[Date "2022.05.11"]
[WhiteClock "0:00:41"]
[BlackClock "0:00:01"]

1. Nf3 d5 2. d4 Nf6 3. c4 c6 4. Nc3 dxc4 5. e3 Bf5 6. Bxc4 e6 7. O-O Nbd7 8. h3 h6 9. Qe2 Be7 10. e4 Bg6 11. a3 O-O 12. Rd1 Qc7 13. g3 c5 14. Bf4 Qb6 15. Na4 Qa5 16. Nxc5 Nxc5 17. b4 Qa4 18. Bb5 Qb3 19. dxc5 Nxe4 20. Rdb1 Qxb1+ 21. Rxb1 Nc3 22. Qe1 Nxb1 23. Ne5 Bf5 24. g4 Bh7 25. c6 bxc6 26. Nxc6 Bf6 27. a4 Nc3 28. Bc4 Rac8 29. b5 Nxa4 30. Qa5 Nb2 31. Bb3 Nd3 32. Bd6 Rfe8 33. Qa6 Bh4 34. f3 Bg5 35. Qb7 Be3+ 36. Kf1 Nf4 37. Ne7+ Kh8 38. Nxc8 Bd3+ 39. Ke1 Rd8 40. Qc7 Ng2+ 41. Kd1 Re8 42. Qd7 1-0


[Site "https://www.chess.com"]

[Event "Titled Tuesday Blitz May 10 Late 2022"]
[White "Pesotskiy, Mikhail"]
[Black "Stanisz, Patryk"]
[WhiteFideId "34164453"]
[BlackFideId "1123106"]
[WhiteElo "2010"]
[BlackElo "1833"]
[Result "1-0"]
[Round "06"]
[TimeControl "180+1"]
[Date "2022.05.11"]
[WhiteClock "0:01:30"]
[BlackClock "0:00:04"]

1. d4 d5 2. c4 c6 3. Nf3 Nf6 4. Nbd2 e6 5. e3 Be7 6. b3 O-O 7. Bb2 Nbd7 8. Bd3 b6 9. O-O Bb7 10. Ne5 Rc8 11. f4 c5 12. Qe2 dxc4 13. bxc4 Re8 14. Rad1 Bf8 15. Ndf3 Qc7 16. Ng5 g6 17. Ngxf7 Bg7 18. Ng5 Rf8 19. Qf2 Qd6 20. Qh4 h6 21. Bxg6 hxg5 22. fxg5 Nxe5 23. dxe5 Qc6 24. Rf3 Qa4 25. Rdf1 Bxf3 26. exf6 Bh5 27. Qxh5 Bh6 28. Qxh6 Rf7 29. Bxf7+ Kxf7 30. Qh7+ Ke8 31. Qe7# 1-0


[Site "https://www.chess.com"]